 Seeded DCSS version 0.29.1-12-g30fa7ad0bf (webtiles) character file.

Game seed: 3121381558354691732 (custom seed)

81 hikkokomori the Conjurer (level 4, 27/27 HPs)
             Began as an Octopode Conjurer on Jan 11, 2023.
             Got out of the dungeon alive.
             The game lasted 00:03:01 (2536 turns).

hikkokomori the Conjurer (Octopode Conjurer)        Turns: 2536, Time: 00:03:02

Health: 27/27      AC:  1    Str: 12    XL:     4   Next: 42%
Magic:  8/8        EV: 13    Int: 22    God:
Gold:   1024       SH:  0    Dex: 10    Spells: 6/9 levels left

rFire   . . .      SeeInvis .   c - staff of conjuration
rCold   . . .      Faith    .   (no shield)
rNeg    . . .      Spirit   .   (helmet restricted)
rPois   .          Reflect  .   (no amulet)
rElec   .          Harm     .   d - +6 ring of strength
rCorr   .          Rampage  .   (no ring)
Will    .....                   (no ring)
Stlth   +++.......              (no ring)
HPRegen 0.09/turn               (no ring)
MPRegen 0.11/turn               (no ring)
                                (no ring)
                                (no ring)

@: no status effects
A: almost no armour, amphibious, 8 rings, camouflage 1, gelatinous body 1,
(nimble swimmer 1), tentacles
a: no special abilities


You escaped.
You visited 1 branch of the dungeon, and saw 3 of its levels.

You collected 1024 gold pieces.

Inventory:

Missiles
 e - 4 throwing nets
Magical Staves
 c - a staff of conjuration (weapon)
Jewellery
 d - a +6 ring of strength (left tentacle)
 l - a ring of see invisible
 m - an amulet of reflection
 p - a ring of positive energy
Scrolls
 b - 2 scrolls of identify {unknown}
 f - a scroll of magic mapping {unknown}
 g - 2 scrolls of enchant weapon {unknown}
 h - 2 scrolls of amnesia
 i - a scroll of teleportation {unknown}
 j - a scroll of poison {unknown}
 o - a scroll of fear {unknown}
Potions
 a - a potion of magic
 k - a potion of invisibility {unknown}
 n - a potion of heal wounds {unknown}
 q - a potion of flight {unknown}
 r - a potion of brilliance {unknown}


   Skills:
 - Level 2.0 Dodging
 - Level 2.8 Stealth
 + Level 3.2 Spellcasting
 + Level 4.9 Conjurations


You had 6 spell levels left.
You knew the following spells:

 Your Spells              Type           Power      Damage    Failure   Level
a - Magic Dart            Conj           100%       1d8       1%          1
b - Searing Ray           Conj           74%        2d7       2%          2

Your spell library contained the following spells:

 Spells                   Type           Power      Damage    Failure   Level
 Apportation              Tloc           6%         N/A       12%         1
 Sting                    Tmut/Pois      12%        1d3       12%         1
 Dazzling Flash           Conj/Hex       42%        N/A       13%         3
 Lesser Beckoning         Tloc           3%         N/A       36%         3
 Fulminant Prism          Conj/Hex       10%        3d9       41%         4
 Iskenderun's Mystic Bla  Conj/Tloc      21%        2d6       41%         4
 Lightning Bolt           Conj/Air       10%        1d23      77%         5
 Manifold Assault         Tloc           3%         N/A       98%         5
 Spellforged Servitor     Conj/Summ      10%        N/A       100%        7
 Fire Storm               Conj/Fire      10%        8d3       100%        9


Dungeon Overview and Level Annotations

Branches:
Dungeon (3/15)

Altars:
Trog


Innate Abilities, Weirdness & Mutations

You cannot wear most types of armour.
You are amphibious.
You can wear up to eight rings at the same time.
Your skin changes colour to match your surroundings (Stealth+).
Your rubbery body absorbs attacks. (AC +1, EV +1)
((You are camouflaged when in or above water. (Stealth+)))
You have tentacles for arms and can constrict up to eight enemies at once.


Message History

You are out of magic!
There are monsters nearby!
Unknown command.
You are out of magic!
There are monsters nearby!
Unknown command.
You are out of magic!
Save game and exit?
Welcome back, hikkokomori the Octopode Conjurer.
Game seed: 3121381558354691732 (custom seed) Press ? for a list of commands and other information.
You hit the jackal. Your grab misses the jackal.
The jackal is almost dead.
You hit the jackal.
You kill the jackal!
The jackal closely misses you.
You hit the jackal.
You blast the jackal.
You kill the jackal!
No target in view!
No target in view!
(D) Dungeon
Where to? (? - help)
What level of the Dungeon? (default 1, ? - help)
There is a stone staircase leading down here.
HP restored.
There is a stone staircase leading up here.
You climb upwards.
There is a stone staircase leading down here.
There is an open door here.
There is an open door here.
There is a stone staircase leading up here.
You climb upwards.
There is a stone staircase leading down here.
Magic restored.
Sorry, I don't know how to traverse that place.
Sorry, I don't know how to traverse that place.
There is a staircase leading out of the dungeon here.
You can't go down here!
Are you sure you want to leave the Dungeon?
This will make you lose the game!
You have escaped!

######..............#
######.....#####.####
##...#.....#...### #
##.8.#.....#.8.## #
##...#.....#...## #
######.....###### #
#...............#########
#........................
#.......@.......#########
#...............#
#...............#
######.....######
##...#.....#.:.##
##.8.#.....#.8.##
##...#.....#...##
######.....#########
########.#.........#


There were no monsters in sight!

Vanquished Creatures
  3 adders (D:2)
  3 worms
  5 bats
  3 endoplasms
  A giant cockroach (D:3)
  7 goblins
  2 hobgoblins
  10 jackals
  3 ball pythons
  2 frilled lizards
  4 rats
43 creatures vanquished.

Notes
Turn   | Place    | Note
-------+----------+-------------------------------------------
     0 | D:1      | hikkokomori the Octopode Conjurer began the quest for the
                  | Orb.
     0 | D:1      | Reached XP level 1. HP: 11/11 MP: 3/3
   194 | D:1      | Found a faded altar of an unknown god.
   235 | D:1      | Got Plato's Secrets of Vitiation
   300 | D:1      | You fall into a shaft and drop 1 floor!
   314 | D:2      | Reached XP level 2. HP: 11/17 MP: 0/5
   916 | D:1      | Reached XP level 3. HP: 21/21 MP: 3/6
   919 | D:1      | Learned a level 2 spell: Searing Ray
  1196 | D:1      | Identified 3 scrolls of acquirement
  1196 | D:1      | Acquired a staff of conjuration
  1197 | D:1      | Acquired 877 gold pieces
  1198 | D:1      | Acquired Ytsaimeo's Papyrus of the Displaced Impact
  1575 | D:2      | Found a bloodstained altar of Trog.
  1910 | D:2      | Reached XP level 4. HP: 27/27 MP: 4/8
  2536 | D:$      | Got out of the dungeon alive.

Illustrated notes

Levels and vault maps discovered:
D:1:      minmay_arrival_glassed_features, layout_loops_ring,
          shapermc_ecumenical_altar_rom_forum, nicolae_kite_square_tiling_tiny
D:2:      layout_basic, basic_altar
D:3:      layout_rooms, serial_shops, nicolae_shop_hallway_stairs

Skill      XL: |  1  2  3 |
---------------+----------+-----
Spellcasting   | 3 |  3.2
Dodging        | |  2.0
Stealth        | |  2.8
Conjurations   | |  4.9

Action                   |  1- 3 |  4- 6 || total
-------------------------+-------+-------++-------
Melee: Unarmed           |     1 |       ||     1
       Staff             |     4 |     3 ||     7
       Constrict         |     2 |       ||     2
       Tentacles         |     1 |       ||     1
 Cast: Magic Dart        |    63 |    29 ||    92
  Use: Potion            |     1 |       ||     1
       Scroll            |     3 |     1 ||     4
Armor: Skin              |     4 |       ||     4
Dodge: Dodged            |    20 |     4 ||    24
